 Dungeon Crawl Stone Soup version 0.30-a0-953-g5f1da4a474 (webtiles) character file.

Game seed: 3043227899210002820

211981 jasper the Severer (level 18, -5/141 HPs)
             Began as a Demonspawn Cinder Acolyte on Mar 28, 2023.
             Was the Champion of Cheibriados.
             Killed from afar by a deep elf zephyrmancer (13 damage)
             ... with a bolt of lightning
             ... on level 1 of the Elven Halls.
             The game lasted 01:12:25 (38693 turns).

jasper the Severer (Demonspawn Cinder Acolyte)     Turns: 38693, Time: 01:12:26

Health: -5/141     AC: 33    Str: 28    XL:     18   Next: 23%
Magic:  0/27       EV: 12    Int: 41    God:    Cheibriados [******]
Gold:   813        SH:  6    Dex: 25    Spells: 9/27 levels left

rFire   . . .      SeeInvis .    W - +9 broad axe (spect)
rCold   . . .      Faith    .    a - +0 buckler
rNeg    . . .      Spirit   +    b - +8 chain mail of Zule {Str-2 Int+4 Slay+4}
rPois   .          Reflect  .    y - +2 helmet
rElec   .          Rampage  .    n - +2 cloak
rCorr   +                        (gloves unavailable)
Will    ++...                    Y - +2 pair of boots Stlth
                                 z - amulet of magic regeneration
HPRegen 0.43/turn                c - ring of resist corrosion
MPRegen 0.80/turn                h - ring of willpower

@: very slow
A: thin metallic scales 2, demonic guardian 1, magic shield, magic regeneration,
corrupting presence 1, demonic touch 3
}: 1/15 runes: decaying
a: Renounce Religion, Bend Time, Temporal Distortion, Slouch, Step From Time


You were on level 1 of the Elven Halls.
You worshipped Cheibriados.
Cheibriados was exalted by your worship.
You visited 6 branches of the dungeon, and saw 31 of its levels.
You also visited: Sewer, Ossuary and Volcano.

You collected 4425 gold pieces.
You spent 3612 gold pieces at shops.

Inventory:

Hand Weapons
 L - a +1 broad axe of freezing
 W - a +9 spectral broad axe (weapon)
Missiles
 f - 12 javelins
 l - 4 throwing nets
 F - 2 silver javelins
 P - 10 curare-tipped darts
Armour
 a - a +0 buckler (worn)
 b - the +8 chain mail of Zule (worn) {Str-2 Int+4 Slay+4}
   (You bought it in a shop on level 1 of the Snake Pit)

   Str:       It affects your strength (-2).
   Int:       It affects your intelligence (+4).
   Slay:      It affects your accuracy & damage with ranged weapons and melee
   (+4).
 n - a +2 cloak (worn)
 y - a +2 helmet (worn)
 R - +0 swamp dragon scales
 Y - a +2 pair of boots (worn)
Jewellery
 c - a ring of resist corrosion (left hand)
 e - the amulet of Deidirev {Faith rN+}
   (You bought it in a shop on level 1 of the Snake Pit)

   [amulet of faith]

   It allows you to gain divine favour quickly.
   rN:        It protects you from negative energy.
 h - a ring of willpower (right hand)
 j - an amulet of reflection
 z - an amulet of magic regeneration (around neck)
Wands
 k - a wand of iceblast (5)
 m - a wand of light (14)
 p - a wand of charming (17)
 D - a wand of digging (9)
 K - a wand of mindburst (11)
 S - a wand of flame (19)
 Z - a wand of polymorph (22)
Scrolls
 d - a scroll of silence
 o - 14 scrolls of teleportation
 q - 6 scrolls of vulnerability
 s - 7 scrolls of fog
 u - a scroll of blinking
 x - 10 scrolls of enchant armour
 C - 5 scrolls of amnesia
 E - 2 scrolls of butterflies
 H - 6 scrolls of immolation
 M - 4 scrolls of fear
 T - 2 scrolls of magic mapping
 U - 2 scrolls of poison
 X - 15 scrolls of identify
Potions
 g - a potion of heal wounds
 i - 5 potions of lignification
 r - 6 potions of magic
 t - 3 potions of cancellation
 v - 3 potions of mutation
 w - 3 potions of might
 A - 3 potions of resistance
 B - 7 potions of attraction
 G - 23 potions of curing
 J - a potion of invisibility
 N - 2 potions of brilliance
 Q - 3 potions of flight
 V - 5 potions of ambrosia
Miscellaneous
 O - a phial of floods


   Skills:
 + Level 12.5 Fighting
 - Level 18.0 Axes
 - Level 0.5 Ranged Weapons
 + Level 12.0 Armour
 + Level 4.8 Dodging
 - Level 4.0 Shields
 - Level 5.0 Spellcasting
 - Level 4.0 Hexes
 * Level 12.8 Summonings
 - Level 3.0 Translocations
 - Level 3.7 Fire Magic
 - Level 2.0 Earth Magic
 - Level 13.0 Invocations


You had 9 spell levels left.
You knew the following spells:

 Your Spells              Type           Power      Damage    Failure   Level
b - Monstrous Menagerie   Summ           43%        N/A       52%         7
c - Blink                 Tloc           68%        N/A       6%          2
d - Animate Armour        Summ/Erth      100%       N/A       7%          4
e - Summon Mana Viper     Hex/Summ       68%        N/A       12%         5

Your spell library contained the following spells:

 Spells                   Type           Power      Damage    Failure   Level
 Summon Small Mammal      Summ           100%       N/A       1%          1
 Call Canine Familiar     Summ           86%        N/A       1%          3
 Summon Guardian Golem    Hex/Summ       68%        N/A       1%          3
 Scorch                   Fire           80%        2d9       4%          2
 Sandblast                Erth           52%        2d12      6%          1
 Lesser Beckoning         Tloc           68%        N/A       6%          2
 Tukima's Dance           Hex            43%        N/A       9%          3
 Ensorcelled Hibernation  Hex/Ice        52%        N/A       10%         2
 Portal Projectile        Hex/Tloc       78%        N/A       10%         3
 Summon Ice Beast         Ice/Summ       58%        N/A       10%         4
 Momentum Strike          Conj/Tloc      44%        3d9       12%         2
 Gell's Gravitas          Tloc           34%        N/A       12%         3
 Teleport Other           Tloc           34%        N/A       12%         3
 Sting                    Tmut/Pois      40%        1d5       14%         1
 Passwall                 Tmut/Erth      15%        N/A       14%         2
 Poisonous Vapours        Pois/Air       20%        N/A       22%         2
 Cause Fear               Hex            21%        N/A       26%         4
 Stone Arrow              Conj/Erth      36%        3d9       28%         3
 Ozocubu's Armour         Ice            10%        N/A       38%         3
 Spider Form              Tmut/Pois      10%        N/A       38%         3
 Manifold Assault         Tloc           34%        N/A       38%         4
 Passage of Golubria      Tloc           34%        N/A       38%         4
 Anguish                  Hex/Necr       13%        N/A       52%         4
 Olgreb's Toxic Radiance  Pois           10%        N/A       80%         4
 Metabolic Englaciation   Hex/Ice        13%        N/A       86%         5
 Silence                  Hex/Air        13%        N/A       86%         5
 Yara's Violent Unravell  Hex/Tmut       13%        3d7       86%         5
 Blade Hands              Tmut           5%         N/A       98%         5
 Simulacrum               Ice/Necr       5%         N/A       100%        6
 Dragon Form              Tmut           5%         N/A       100%        7
 Enfeeble                 Hex            21%        N/A       100%        7
 Storm Form               Tmut/Air       5%         N/A       100%        7
 Lehudib's Crystal Spear  Conj/Erth      9%         10d4      100%        8
 Maxwell's Capacitive Co  Air            5%         ∞         100%        8
 Dragon's Call            Summ           43%        N/A       100%        9


Dungeon Overview and Level Annotations

Branches:
Dungeon (15/15)            Temple (0/1) D:5            Lair (5/5) D:10
  Swamp (4/4) Lair:3        Snake (4/4) Lair:2          Orc (2/2) D:10
    Elf (1/3) Orc:2        Vaults (0/5) D:14         Depths (0/4) D:15
  Sewer (visited)         Ossuary (visited)         Volcano (visited)
  Slime: Lair:4-5

Altars:
Cheibriados
Gozag
Makhleb
Nemelex Xobeh
Ru
Trog
Uskayaw
Vehumet
Wu Jian
Jiyva

Shops:
D:1 ?   D:7 ?   Orc:1 *   Orc:2 *(*   Snake:1 :=:*   Snake:2 [

Annotations:
D:9 2 transporters, DeathPants's ghost, novice VSGl
D:11 2 transporters, exclusions: ice statue and oklob plant, bande's ghost, journeyman GrFi
D:12 exclusions: ice statue and obsidian statue
D:14 3 runed translucent doors, retardedninja's ghost, journeyman AtFi
Lair:2 1 runed translucent door
Lair:4 exclusion: 2 oklob plants
Swamp:1 3 runed translucent doors, Naurph's ghost, adept DjVM; Vicathre's ghost, adept MiBe
Snake:4 exclusion: door
Orc:1 2 transporters, Qotypp's ghost, journeyman DsFi
Elf:1 Zenata


Innate Abilities, Weirdness & Mutations

You are mostly covered in thin metallic scales. (AC +3)
A weak demonic guardian rushes to your aid.
When hurt, damage is shared between your health and your magic reserves.
You regenerate magic rapidly.
Your presence sometimes corrodes those you injure.
Your touch may irresistibly damage your foes and sap their willpower.


Message History

The fire elemental burns you!
You now have 1/27 mp.
You slash the fire elemental!
The fire elemental is severely damaged.
You slash the elf zombie! The elf zombie barely misses you.
The fire elemental closely misses you.
You slash the fire elemental!
You destroy the fire elemental!
Cheibriados appreciates the change of pace.
You barely miss the elf zombie.
Your +9 spectral broad axe hits the elf zombie!!
Your animated chain mail hits the elf zombie!!
The elf zombie is destroyed!
Cheibriados appreciates the change of pace.
What are your orders? t - Shout!
Orders for allies: a - Attack new target. r - Retreat! s - Stop attacking. g - Guard the area. f - Follow me.
Anything else - Cancel.
Gang up on whom?
Press: ? - help, Dir - move target, f - deep elf zephyrmancer
Aim: a deep elf zephyrmancer, wielding a +2 rapier of holy wrath Attack!
The deep elf zephyrmancer casts a spell at you.
The bolt of lightning hits you.
* * * LOW HITPOINT WARNING * * *
The bolt of lightning hits you!
* * * LOW HITPOINT WARNING * * *
You hear a shout! x3
You take 16 damage, and have 11/141 hp.
You now have 2/27 mp.
You feel much better.
You regained 26 hp, and now have 37/141 hp.
The deep elf zephyrmancer points at you and mumbles some strange words.
The bolt of lightning hits you!!
* * * LOW HITPOINT WARNING * * *
A demonic guardian appears!
The deep elf zephyrmancer points at you and mumbles some strange words.
The bolt of lightning hits you!
You die...

#.........#
###.........##
#............#
#............#
#...e........#
####.........#
'......4.....#
#...@[...#
##.......#
##..##### ... ##.#
#'# #(# #.# #.#
####.######### #.#
.....##......# #.#
###...#.####.###.#


You could see a deep elf zephyrmancer (ally target), a +1 flail of holy wrath
(summoned, fast), a friendly hellwing (summoned) and a friendly animated chain
mail (summoned).

Vanquished Creatures
  Vashnia (Snake:4)
  A tentacled monstrosity (Swamp:1)
  Kirke (Snake:1)
  A fenstrider witch (Swamp:1)
  A nagaraja (Snake:4)
  Aizul (Snake:1)
  Louise (Swamp:4)
  2 ghouls (Swamp:4)
  A minotaur (Lair:1)
  3 bunyips
  A red draconian (Volcano)
  2 eleionomae
  An ettin (D:15)
  2 shambling mangroves (Swamp:4)
  7 hydras
  A ghost crab (Swamp:3)
  5 anacondas
  A boulder beetle (D:15)
  4 alligators
  2 centaur warriors
  2 dancing weapons
  3 death yaks (Lair:4)
  4 two-headed ogres
  A tengu warrior (D:15)
  7 naga sharpshooters
  3 orc high priests (Orc:2)
  3 naga warriors
  5 shock serpents
  3 deep elf knights (Elf:1)
  3 goliath frogs
  A salamander mystic (Volcano)
  2 deep trolls (D:15)
  6 bog bodies
  4 spriggan druids
  11 swamp dragons
  A deep elf archer (Elf:1)
  2 necromancers (D:15)
  5 deep elf zephyrmancers
  2 orc knights
  Pikel (D:7)
  3 deep elf pyromancers
  2 orc sorcerers
  4 cyclopes
  3 mana vipers
  2 ugly things
  4 will-o-the-wisps
  2 manticores (D:15)
  9 salamanders
  4 elephants (Lair:3)
  7 slime creatures
  5 naga magi
  21 black mambas
  7 cane toads
  A molten gargoyle (Volcano)
  4 rime drakes
  2 unseen horrors
  A kobold demonologist (D:12)
  9 komodo dragons
  3 yaktaurs (D:15)
  A tengu conjurer (D:15)
  3 meliai (D:14)
  2 trolls
  4 polar bears
  8 hornets
  9 tyrant leeches
  13 blink frogs
  8 dream sheep (Lair:5)
  2 shadows
  5 wyverns
  13 spriggans
  A water elemental (Elf:1)
  36 yaks
  A wyvern (shapeshifter) (Elf:1)
  6 wraiths
  A vampire (D:11)
  5 fire bats
  A steam dragon (D:8)
  A basilisk (D:15)
  14 fire elementals
  A golden eye (shapeshifter) (D:14)
  4 hogs (Snake:1)
  2 vampire mosquitoes (Swamp:1)
  22 nagas
  A warg (Orc:1)
  8 swamp worms
  2 acid dragons
  2 nameless horrors
  17 water moccasins
  24 orc warriors
  2 sky beasts
  2 ice beasts (D:10)
  A black bear (shapeshifter) (Elf:1)
  4 swamp drakes
  3 black bears
  23 wolves
  A boggart (Lair:5)
  8 centaurs
  7 ogres
  2 phantoms
  A lemure (D:7)
  2 kobold brigands (D:7)
  An elf zombie (Ossuary)
  2 necrophages (Swamp:4)
  A gnoll sergeant (D:10)
  9 bullfrogs
  3 scorpions
  10 killer bees
  3 howler monkeys
  3 hounds
  A jelly (D:6)
  3 centaur zombies (Ossuary)
  20 orc priests
  2 sleepcaps
  Crazy Yiuf (D:2)
  Jessica (D:2)
  5 iguanas
  24 orc wizards
  2 mummies (Ossuary)
  22 gnolls
  4 river rats
  15 adders
  4 white imps
  An ufetubus (D:6)
  An adder zombie (Ossuary)
  A worm (D:8)
  3 dart slugs
  68 orcs
  5 bats
  8 endoplasms
  5 giant cockroaches
  5 goblins
  10 hobgoblins
  20 jackals
  20 kobolds
  4 quokkas
  5 ball pythons
  8 frilled lizards
  4 goblin zombies (Ossuary)
  9 hobgoblin zombies (Ossuary)
  9 kobold zombies (Ossuary)
  9 orc zombies (Ossuary)
  9 rats
  A rat zombie (Ossuary)
815 creatures vanquished.

Vanquished Creatures (collateral kills)
  A fenstrider witch (Swamp:1)
  A deep elf death mage (Elf:1)
  A shambling mangrove (Swamp:4)
  A hydra (Swamp:4)
  A dancing weapon (D:14)
  A centaur warrior (D:14)
  2 boulder beetles (D:12)
  A naga warrior (Snake:4)
  An orc high priest (Orc:2)
  A goliath frog (Swamp:3)
  4 bog bodies (Swamp:4)
  A naga ritualist (Snake:3)
  A deep elf archer (Elf:1)
  5 deep elf pyromancers
  A swamp dragon (Swamp:4)
  A deep elf zephyrmancer (Elf:1)
  A mana viper (Snake:1)
  An orc sorcerer (Orc:2)
  3 salamanders (Volcano)
  A manticore (D:15)
  A will-o-the-wisp (Swamp:1)
  2 naga magi
  4 black mambas
  2 guardian serpents (Snake:1)
  Maggie (D:6)
  A gargoyle (D:14)
  A troll (Orc:1)
  A tyrant leech (Swamp:2)
  A dream sheep (Lair:5)
  A blink frog (Lair:2)
  A slime creature (D:12)
  2 spriggans
  Sigmund (D:6)
  4 fire bats
  A hog (Snake:1)
  2 fire elementals (D:15)
  A vampire mosquito (Swamp:1)
  A naga (Snake:2)
  A swamp worm (Swamp:4)
  A water moccasin (Lair:5)
  5 orc warriors
  4 swamp drakes (Swamp:4)
  An ice beast (D:10)
  3 wolves
  2 boggarts (Lair:5)
  An elf zombie (Elf:1)
  A bullfrog (Lair:2)
  A necrophage (Swamp:4)
  2 electric eels
  A lava snake (Volcano)
  6 orc priests (Orc:2)
  A jelly (D:6)
  6 orc wizards
  10 orcs
  A kobold (D:7)
105 creatures vanquished.

Vanquished Creatures (others)
  Jorgrun (Swamp:1)
  An orc warlord (Orc:2)
  Josephine (D:12)
  3 hydras (Swamp:4)
  A centaur warrior (D:14)
  An alligator (Swamp:2)
  A naga warrior (Snake:2)
  2 death yaks (Lair:4)
  Urug (Lair:3)
  A deep elf knight (Elf:1)
  A naga sharpshooter (Snake:2)
  A goliath frog (Swamp:4)
  A bog body (Swamp:4)
  A deep elf pyromancer (D:12)
  2 elephants (Lair:3)
  A slime creature (D:12)
  2 black mambas
  A polar bear (Lair:5)
  A hornet (Lair:5)
  3 bloated husks
  4 yaks (D:11)
  5 spriggans (Lair:5)
  A basilisk (Lair:2)
  A human (Lair:2)
  A warg (D:15)
  2 swamp drakes (Swamp:4)
  A black bear (Lair:5)
  A boggart (Lair:5)
  3 wolves (Lair:5)
  2 centaurs
  4 killer bees (D:11)
  2 orc wizards
  An orc (D:11)
  22 foxfires
  25 fungi
  55 plants
  6 withered plants (Swamp:1)
163 creatures vanquished.

Grand Total: 1083 creatures vanquished

Notes
Turn   | Place    | Note
-------+----------+-------------------------------------------
     0 | D:1      | jasper the Demonspawn Cinder Acolyte began the quest for
                  | the Orb.
     0 | D:1      | Reached XP level 1. HP: 18/18 MP: 2/2
     5 | D:1      | Found Zahyucsuicw's Magic Scroll Shoppe.
    79 | D:1      | Reached skill level 3 in Axes
   191 | D:1      | Gained mutation: You regenerate magic rapidly. [demonic
                  | ancestry]
   191 | D:1      | Reached XP level 2. HP: 24/24 MP: 3/3
   221 | D:1      | Learned a level 2 spell: Scorch
   267 | D:1      | You fall into a shaft and drop 1 floor!
   534 | D:1      | Reached XP level 3. HP: 29/29 MP: 4/4
  1037 | D:2      | Gained mutation: Your touch may inflict minor irresistible
                  | damage on your foes. [demonic ancestry]
  1037 | D:2      | Reached XP level 4. HP: 33/35 MP: 5/5
  1078 | D:2      | Reached skill level 4 in Axes
  1189 | D:2      | Learned a level 3 spell: Call Canine Familiar
  1406 | D:2      | Reached XP level 5. HP: 41/41 MP: 6/6
  1420 | D:2      | Got the Grimoire of the Polar Birds
  1505 | D:2      | Found a runed translucent door.
  1506 | D:2      | Noticed Crazy Yiuf
  1684 | D:2      | Noticed Jessica
  1705 | D:2      | Killed Jessica
  1706 | D:2      | Reached skill level 5 in Axes
  2370 | D:1      | Bought a scroll of amnesia for 56 gold pieces
  2370 | D:1      | Bought a scroll of teleportation for 42 gold pieces
  2370 | D:1      | Bought a scroll of teleportation for 42 gold pieces
  2375 | D:1      | Learned a level 3 spell: Summon Guardian Golem
  2482 | D:2      | Killed Crazy Yiuf
  2483 | D:2      | Gained mutation: You are partially covered in thin metallic
                  | scales. (AC +2) [demonic ancestry]
  2483 | D:2      | Reached XP level 6. HP: 34/47 MP: 7/7
  2836 | D:3      | Found a glowing drain.
  2850 | Sewer    | Entered a sewer
  3068 | Sewer    | Reached skill level 1 in Summonings
  3172 | Sewer    | Reached skill level 1 in Armour
  5051 | D:5      | Entered Level 5 of the Dungeon
  5084 | D:5      | Reached skill level 6 in Axes
  5084 | D:5      | Reached XP level 7. HP: 39/52 MP: 8/8
  5363 | D:5      | Found a hide-covered altar of Uskayaw.
  5601 | D:5      | Found a staircase to the Ecumenical Temple.
  5670 | D:5      | Gained mutation: You are mostly covered in thin metallic
                  | scales. (AC +3) [demonic ancestry]
  5670 | D:5      | Reached XP level 8. HP: 60/61 MP: 9/9
  5723 | D:5      | Reached skill level 7 in Axes
  6163 | D:6      | Noticed Sigmund
  6178 | D:6      | Killed Sigmund
  6179 | D:6      | Reached skill level 5 in Fighting
  6255 | D:6      | Identified the +7 war axe of Kumuss {drain, rElec rPois}
  6396 | D:6      | Noticed Maggie
  6418 | D:6      | Killed Maggie
  6419 | D:6      | Reached skill level 8 in Axes
  6419 | D:6      | Reached XP level 9. HP: 47/68 MP: 6/10
  6899 | D:7      | Noticed Pikel
  6911 | D:7      | Killed Pikel
  6912 | D:7      | Reached skill level 1 in Hexes
  7201 | D:7      | Reached skill level 5 in Summonings
  7225 | D:7      | Found Qeipt's Magic Scroll Emporium.
  7249 | D:7      | Bought a scroll of blinking for 120 gold pieces
  7790 | D:8      | Reached skill level 9 in Axes
  8127 | D:8      | Found a burning altar of Makhleb.
  8127 | D:8      | Found an opulent altar of Gozag.
  8127 | D:8      | Found a radiant altar of Vehumet.
  8133 | D:8      | Found a bloodstained altar of Trog.
  8138 | D:8      | Found a sparkling altar of Nemelex Xobeh.
  8169 | D:8      | Reached skill level 5 in Armour
  8245 | D:8      | Found a sand-covered staircase.
  8284 | D:8      | Found a snail-covered altar of Cheibriados.
  8310 | Ossuary  | Entered an ossuary
  8565 | D:8      | Gained mutation: When hurt, damage is shared between your
                  | health and your magic reserves. [demonic ancestry]
  8565 | D:8      | Reached XP level 10. HP: 71/77 MP: 11/11
  9039 | D:9      | Found an ornate altar of the Wu Jian Council.
  9039 | D:9      | Found a sacrificial altar of Ru.
  9049 | D:9      | Found a transporter.
  9057 | D:9      | Noticed DeathPants's ghost (novice VSGl)
  9337 | D:9      | Found a transporter.
  9770 | D:10     | Entered Level 10 of the Dungeon
  9824 | D:10     | Found a staircase to the Orcish Mines.
  9937 | D:10     | Reached skill level 10 in Axes
 10161 | D:10     | Found a staircase to the Lair.
 10539 | D:11     | Found an ornate altar of the Wu Jian Council.
 10569 | D:11     | Noticed a cyan ugly thing
 10584 | D:11     | Killed a cyan ugly thing
 10620 | D:11     | Noticed a cyclops
 10621 | D:11     | Noticed a two-headed ogre
 10634 | D:11     | Found a transporter.
 10635 | D:11     | Noticed bande's ghost (journeyman GrFi)
 10640 | D:11     | Noticed an oklob plant
 10640 | D:11     | Noticed a centaur warrior
 10643 | D:11     | Noticed a manticore
 10646 | D:11     | Noticed a cyan ugly thing
 10650 | D:11     | Noticed a gargoyle
 10654 | D:11     | Found a transporter.
 10659 | D:11     | Noticed a brown ugly thing
 10692 | D:11     | Reached XP level 11. HP: 70/85 MP: 4/12
 11405 | Lair:1   | Entered Level 1 of the Lair of Beasts
 11467 | Lair:1   | Reached skill level 11 in Axes
 11616 | Lair:1   | Identified the +6 falchion "Gohont" {vamp, rCorr Int+6}
 11975 | Lair:1   | Found a runed translucent door.
 12920 | Lair:2   | Found a staircase to the Snake Pit.
 13575 | Lair:2   | Found a runed translucent door.
 13600 | Lair:2   | Noticed a reaper
 13717 | Lair:3   | Reached XP level 12. HP: 83/94 MP: 7/13
 13728 | Lair:3   | Reached skill level 12 in Axes
 14195 | Lair:3   | Identified the +3 pair of gloves of Thoughtfulness {+Inv
                  | Int+6}
 14260 | Lair:3   | Noticed a five-headed hydra
 14271 | Lair:3   | Killed a one-headed hydra
 14446 | Lair:3   | Found a staircase to the Swamp.
 14649 | Lair:3   | Noticed Urug
 14662 | Lair:3   | Killed Urug
 15048 | Lair:3   | Reached skill level 13 in Axes
 15317 | Lair:4   | Reached skill level 10 in Fighting
 15430 | Lair:4   | Found a viscous altar of Jiyva.
 15672 | Lair:4   | Noticed a death yak
 15676 | Lair:4   | Noticed a death yak
 15678 | Lair:4   | Noticed a death yak
 15678 | Lair:4   | Noticed a death yak
 15680 | Lair:4   | Noticed a death yak
 15688 | Lair:4   | Killed a death yak
 15691 | Lair:4   | Killed a death yak
 15692 | Lair:4   | Killed a death yak
 15693 | Lair:4   | Gained mutation: Your touch may inflict irresistible damage
                  | on your foes. [demonic ancestry]
 15693 | Lair:4   | Reached XP level 13. HP: 46/103 MP: 0/14
 16279 | Lair:5   | Entered Level 5 of the Lair of Beasts
 16369 | Lair:5   | Reached skill level 14 in Axes
 16936 | Lair:5   | Reached skill level 10 in Armour
 16942 | Lair:5   | Reached skill level 15 in Axes
 16974 | Lair:5   | Reached skill level 1 in Shields
 17077 | Lair:5   | Identified the +7 flail "Tamnerr" {freeze, Drain rElec
                  | Str+3}
 17856 | Orc:1    | Entered Level 1 of the Orcish Mines
 17939 | Orc:1    | Found Diol's Assorted Antiques.
 17949 | Orc:1    | Bought a potion of curing for 90 gold pieces
 18029 | Orc:1    | Identified the +5 great mace of the Writhing Gnat {vamp,
                  | Fragile rPois rF+++ Int+2}
 18029 | Orc:1    | Noticed an ettin
 18033 | Orc:1    | Noticed Qotypp's ghost (journeyman DsFi)
 18035 | Orc:1    | Found a transporter.
 18039 | Orc:1    | Found a transporter.
 18348 | Orc:2    | Entered Level 2 of the Orcish Mines
 18348 | Orc:2    | Found a staircase to the Elven Halls.
 18360 | Orc:2    | Gained mutation: A weak demonic guardian rushes to your
                  | aid. [demonic ancestry]
 18360 | Orc:2    | Reached XP level 14. HP: 109/110 MP: 10/15
 18431 | Orc:2    | Found a dark tunnel.
 18440 | Volcano  | Entered a volcano
 18664 | Volcano  | Reached skill level 16 in Axes
 18792 | Volcano  | Found a radiant altar of Vehumet.
 19119 | D:7      | Bought a scroll of teleportation for 48 gold pieces
 19119 | D:7      | Bought a scroll of blinking for 120 gold pieces
 19119 | D:7      | Bought 3 scrolls of brand weapon for 456 gold pieces
 19119 | D:7      | Bought a scroll of fear for 64 gold pieces
 19985 | Orc:2    | Found Folig's General Store.
 19985 | Orc:2    | Found Vurchal's Weapon Emporium.
 20028 | Orc:2    | Found Ituariab's Antique Armour Shoppe.
 20030 | Orc:2    | Found Lig Disch's Assorted Antiques.
 20036 | Orc:2    | Bought a potion of curing for 93 gold pieces
 20223 | Orc:2    | Noticed an orc warlord
 20238 | Orc:2    | Killed an orc warlord
 20239 | Orc:2    | Reached skill level 17 in Axes
 21047 | D:12     | Noticed Josephine
 21091 | D:12     | Killed Josephine
 21333 | D:12     | Identified a scroll of acquirement
 21341 | D:12     | Acquired 639 gold pieces
 22266 | D:13     | Learned a level 2 spell: Blink
 22371 | D:13     | Reached skill level 18 in Axes
 23098 | D:14     | Reached skill level 1 in Translocations
 23359 | D:14     | Found a gate to the Vaults.
 23599 | D:14     | Found a runed translucent gate.
 23599 | D:14     | Noticed retardedninja's ghost (journeyman AtFi)
 23600 | D:14     | Found a runed translucent gate.
 23601 | D:14     | Found a runed translucent gate.
 23602 | D:14     | Identified the +3 plate armour of Wiucikhue {Rampage Regen+
                  | rCorr Stlth-}
 23741 | D:14     | Identified the +3 scale mail of Compression {rElec Will-
                  | Str-4 SInv}
 23903 | D:8      | Fell from the grace of Ignis
 23903 | D:8      | Became a worshipper of Cheibriados the Contemplative
 24027 | D:15     | Entered Level 15 of the Dungeon
 24035 | D:15     | Reached XP level 15. HP: 117/117 MP: 13/16
 24467 | D:15     | Reached skill level 1 in Invocations
 24776 | D:15     | Reached skill level 5 in Invocations
 24859 | D:15     | Reached * piety under Cheibriados
 24864 | D:15     | Found a staircase to the Depths.
 24916 | D:15     | Was forgiven by Ignis
 25567 | Swamp:1  | Entered Level 1 of the Swamp
 25778 | Swamp:1  | Noticed a fenstrider witch
 25788 | Swamp:1  | Paralysed by a fenstrider witch for 5 turns
 25799 | Swamp:1  | Paralysed by a fenstrider witch for 5 turns
 25811 | Swamp:1  | Killed a fenstrider witch
 26324 | Swamp:1  | Noticed a tentacled monstrosity
 26332 | Swamp:1  | Killed a tentacled monstrosity
 26332 | Swamp:1  | Reached ** piety under Cheibriados
 26492 | Swamp:1  | Reached skill level 10 in Invocations
 26681 | Swamp:1  | Acquired 453 gold pieces
 26707 | Swamp:1  | Noticed Jorgrun
 26708 | Swamp:1  | Found a runed translucent gate.
 26708 | Swamp:1  | Found a runed translucent gate.
 26729 | Swamp:1  | Killed Jorgrun
 26902 | Swamp:1  | Found a runed translucent gate.
 26903 | Swamp:1  | Noticed Naurph's ghost (adept DjVM)
 26903 | Swamp:1  | Noticed Vicathre's ghost (adept MiBe)
 26909 | Swamp:1  | Noticed a fenstrider witch
 26919 | Swamp:1  | Killed a fenstrider witch
 27851 | Swamp:2  | You fall into a shaft and drop 1 floor!
 28178 | Swamp:2  | Reached *** piety under Cheibriados
 29062 | Swamp:3  | Identified the +0 leather armour of Unbearable the Good
                  | {rCorr Str+3}
 29070 | Swamp:3  | Identified the +0 leather armour of Kikubaaqudgha's Envy
                  | {rF+ rN+ Dex+3}
 29241 | Swamp:4  | Entered Level 4 of the Swamp
 29241 | Swamp:4  | Noticed Louise
 29503 | Swamp:4  | Killed Louise
 29942 | Swamp:4  | Reached skill level 10 in Summonings
 29942 | Swamp:4  | Reached XP level 16. HP: 97/124 MP: 21/25
 29947 | Swamp:4  | Reached **** piety under Cheibriados
 30419 | Swamp:4  | Learned a level 4 spell: Animate Armour
 30705 | Swamp:4  | Reached skill level 1 in Earth Magic
 31251 | Swamp:4  | Got a decaying rune of Zot
 31529 | Snake:1  | Entered Level 1 of the Snake Pit
 31633 | Snake:1  | Reached ***** piety under Cheibriados
 31993 | Snake:1  | Found Haggoat's Assorted Antiques.
 32001 | Snake:1  | Bought a flickering graven amulet for 195 gold pieces
 32001 | Snake:1  | Identified the amulet of Deidirev {Faith rN+} (You bought
                  | it in a shop on level 1 of the Snake Pit)
 32005 | Snake:1  | Bought a potion of curing for 117 gold pieces
 32005 | Snake:1  | Bought a potion of heal wounds for 195 gold pieces
 32005 | Snake:1  | Bought 2 potions of magic for 624 gold pieces
 32005 | Snake:1  | Bought a scroll of enchant weapon for 292 gold pieces
 32005 | Snake:1  | Bought a scroll of immolation for 156 gold pieces
 32005 | Snake:1  | Bought a distressingly furry chain mail for 370 gold pieces
 32005 | Snake:1  | Identified the +8 chain mail of Zule {Str-2 Int+4 Slay+4}
                  | (You bought it in a shop on level 1 of the Snake Pit)
 32018 | Snake:1  | Noticed Aizul
 32032 | Snake:1  | Killed Aizul
 32033 | Snake:1  | Reached skill level 1 in Dodging
 32184 | Snake:1  | Noticed Kirke
 32195 | Snake:1  | Killed Kirke
 32886 | Snake:1  | Found Tapsouli's Book Shop.
 32886 | Snake:1  | Found Heacwu's Jewellery Shoppe.
 32887 | Snake:1  | Found Enaxai's Book Shop.
 32892 | Snake:1  | Bought a book of Beasts for 532 gold pieces
 32903 | Snake:1  | Learned a level 5 spell: Summon Mana Viper
 33818 | Snake:2  | Found Fuischag's Antique Armour Emporium.
 34039 | Snake:2  | Reached skill level 5 in Spellcasting
 34039 | Snake:2  | Gained mutation: Your touch may irresistibly damage your
                  | foes and sap their willpower. [demonic ancestry]
 34039 | Snake:2  | Reached XP level 17. HP: 133/133 MP: 26/26
 34048 | Snake:2  | Learned a level 7 spell: Monstrous Menagerie
 34053 | Snake:2  | Identified the +2 morningstar of Armageddon {drain, Drain
                  | rF+++ Int+7}
 35630 | Snake:3  | Reached ****** piety under Cheibriados
 35935 | Snake:4  | Entered Level 4 of the Snake Pit
 36645 | Snake:4  | Noticed Vashnia
 36647 | Snake:4  | Gained mutation: Your presence sometimes corrodes those you
                  | injure. [demonic ancestry]
 36647 | Snake:4  | Reached XP level 18. HP: 94/135 MP: 11/27
 36662 | Snake:4  | HP: 6/127 [naga sharpshooter/arrow[Vashnia] (12)]
 36916 | Snake:4  | Killed Vashnia
 36918 | Snake:4  | HP: 2/126 [naga sharpshooter/arrow[Vashnia] (10)]
 37741 | Elf:1    | Entered Level 1 of the Elven Halls
 38670 | Elf:1    | Noticed Zenata
 38681 | Elf:1    | HP: 7/141 [+2 scimitar of holy wrath[Zenata] (1)]
 38681 | Elf:1    | HP: 3/141 [+1 trident of holy wrath[Zenata] (3)]
 38693 | Elf:1    | Killed from afar by a deep elf zephyrmancer

Illustrated notes

Levels and vault maps discovered:
D:1:      dpeg_arrival_tiny_f, layout_rooms, serial_shops,
          nicolae_shop_statue_plus
D:2:      layout_loops_ring, uniq_crazy_yiuf_cottage, uniq_jessica
D:3:      layout_loops_corners, portal_sewer_entry_b
D:4:      layout_loops_corners
D:5:      layout_basic, lemuel_coloured_pillars_altar,
          minmay_temple_entry_steel_oval
D:6:      layout_loops_ring, uniq_maggie, uniq_sigmund
D:7:      layout_loops_ring, nicolae_stop_n_shop_2, st_stairs_6, uniq_pikel
D:8:      layout_rooms, minmay_overflow_temple_hex, cheibrodos_worm_habitat,
          enter_ossuary_1, serial_co_window_serial, co_window_paths_a,
          co_window_paths_b, co_window_corner_a, co_window_paths_a,
          co_window_corner_a, co_window_corner_b, co_window_corner_b,
          co_window_2corner, co_window_paths_d
D:9:      layout_irregular_city, chequers_temple_overflow_statue_of_worship,
          gammafunk_ghost_arena
D:10:     layout_cave_pools, hellmonk_lair_entry_icy
D:11:     layout_small_grid, nzn_ghost_randoct, grunt_ministairs_11,
          chequers_jeans, nicolae_wu_jian_immortal_techniques
D:12:     layout_loops_ring, minivault_15, minivault_16, uniq_josephine
D:13:     layout_rooms
D:14:     layout_cave_pools, erik_vaults_1, biasface_ghost_orc_armoury,
          grunt_decor_cap
D:15:     hangedman_depths_entry_civil_slaughter, layout_stronghold
Lair:1:   dreamdust_labyrinth, layout_loops_ring, grunt_megastairs_1
Lair:2:   layout_long_grid, guppyfry_snake_entry_island, minivault_24,
          pdpol_lair_cabin_in_the_woods
Lair:3:   layout_cellular_growth, skrybe_swamp_entry_bodies, uniq_urug
Lair:4:   layout_loops_ring, minmay_slime_entry_oklob_enclosed,
          serial_bayou_shore_a
Lair:5:   minmay_lair_end_enchanted_forest, layout_gridlike, grunt_megastairs_5,
          infiniplex_staircase_pool_2, lemuel_fruit_tree
Swamp:1:  layout_basic_swamp, gammafunk_ghost_cemetery,
          evilmike_swamp_ruin_rubble_2, swamp_pool5, nicolae_swamp_spooky_pond,
          uniq_jorgrun
Swamp:2:  layout_falls_marsh, evilmike_swamp_ruin_house_2
Swamp:3:  layout_falls_marsh, nicolae_swamp_orc_logging_accident, swamp_pool1,
          infiniplex_staircase_pool
Swamp:4:  swamp_basic_johnstein, layout_basic_swamp, swamp_pool3, uniq_louise
Snake:1:  layout_layer_cave, serial_shops, shop_statue,
          nrook_guardian_serpent_double, minmay_shop_grove, uniq_kirke,
          uniq_aizul
Snake:2:  layout_cave_town, serial_shops, nicolae_stop_n_shop_2, drop_trap,
          nicolae_snake_omega
Snake:3:  layout_rooms
Snake:4:  snake_pit_salamanders_mu, layout_gridlike, uniq_vashnia
Orc:1:    layout_caves, serial_shops, nicolae_shop_crystal,
          gammafunk_ghost_smash, nicolae_orc_flooded_monolith
Orc:2:    st_orc_mages, layout_caves, nicolae_volcano_entry_batcave,
          minmay_orc_barracks
Elf:1:    nicolae_elf_arrival_fired_up, layout_loops_corners,
          minmay_elf_necromancy, uniq_zenata

Skill      XL: |  1  2  3  4  5  6  7  8  9 10 11 12 13 14 15 16 17 18 |
---------------+-------------------------------------------------------+-----
Axes           | 3 4 5 6 8 9 10 11 13 15 18 | 18.0
Fire Magic     | 3 |  3.7
Summonings     | 1 2 4 5 6 8 9 10 11 12 | 12.8
Armour         | 1 2 3 5 6 7 8 10 11 12 | 12.0
Fighting       | 4 5 6 7 8 10 11 12 | 12.5
Hexes          | 2 4 |  4.0
Shields        | 4 |  4.0
Translocations | 1 3 |  3.0
Invocations    | 13 | 13.0
Earth Magic    | 2 |  2.0
Dodging        | 2 4 |  4.8
Spellcasting   | 5 |  5.0
Ranged Weapons | |  0.5

Action                     |  1- 3 |  4- 6 |  7- 9 | 10-12 | 13-15 | 16-18 || total
---------------------------+-------+-------+-------+-------+-------+-------++-------
  Melee: Hand axe          |    29 |   195 |   106 |       |       |       ||   330
         Touch             |       |    30 |    38 |    67 |    26 |       ||   161
         Punch             |       |     2 |     4 |     7 |       |       ||    13
         War axe           |       |       |   183 |   425 |   364 |       ||   972
         Unarmed           |       |       |       |     8 |       |       ||     8
         Broad axe         |       |       |       |       |   621 |   302 ||   923
   Fire: Sling             |   133 |    30 |       |       |       |       ||   163
  Throw: Dart              |       |    15 |    13 |       |       |       ||    28
   Cast: Call Canine Famil |       |       |     8 |    34 |    93 |    18 ||   153
         Summon Guardian G |       |       |       |    14 |    39 |    20 ||    73
         Animate Armour    |       |       |       |       |       |    62 ||    62
         Summon Mana Viper |       |       |       |       |       |    15 ||    15
         Monstrous Menager |       |       |       |       |       |     2 ||     2
 Invoke: Fiery Armour      |     1 |     5 |     1 |       |       |       ||     7
         Slouch            |       |       |       |       |       |     1 ||     1
  Evoke: Wand              |       |       |       |       |     2 |     2 ||     4
    Use: Scroll            |     2 |    12 |     9 |     5 |    16 |    14 ||    58
         Potion            |       |     1 |       |     3 |     4 |     8 ||    16
   Stab: Distracted        |       |       |     1 |     1 |    22 |    17 ||    41
         Sleeping          |       |       |     1 |       |       |       ||     1
 Armour: Robe              |    17 |       |       |       |       |       ||    17
         Chain mail        |    27 |    22 |       |       |       |    32 ||    81
         Ring mail         |       |    85 |   122 |   166 |    50 |       ||   423
         Scale mail        |       |       |       |   139 |   545 |       ||   684
         Swamp dragon scal |       |       |       |       |   116 |   157 ||   273
  Dodge: Dodged            |    69 |    97 |   132 |   209 |   398 |   192 ||  1097
  Block: Other             |       |    40 |    56 |   122 |    32 |       ||   250
         Reflection        |       |     2 |     3 |     4 |     4 |       ||    13
         Buckler           |       |       |       |       |   276 |   130 ||   406

Table legend: (Time is in decaauts)
 A = Elapsed time spent in this place.
 B = Non-inter-level travel time spent in this place.
 C = Inter-level travel time spent in this place.
 D = Time resting spent in this place.
 E = Time spent auto-exploring this place.
 F = Levels seen in this place.
 G = Mean time per level.
                   A        B        C        D        E       F      G
               +--------+--------+--------+--------+--------+-----+--------+
         Total |  43798 |  39632 |   4166 |   4025 |  28389 |  34 | 1288.2 |
       Dungeon |  16032 |  14123 |   1909 |    696 |  10723 |  15 | 1068.8 |
          Lair |   7475 |   6366 |   1109 |    175 |   5046 |   5 | 1495.0 |
         Swamp |   7293 |   6710 |    583 |   1474 |   4190 |   4 | 1823.2 |
     Snake Pit |   8114 |   7714 |    400 |   1215 |   5525 |   4 | 2028.5 |
  Orcish Mines |   2055 |   1893 |    162 |    100 |   1221 |   2 | 1027.5 |
   Elven Halls |   1247 |   1247 |      0 |    162 |    872 |   1 | 1247.0 |
         Sewer |    864 |    864 |      0 |      0 |    628 |   1 |  864.0 |
       Ossuary |    230 |    230 |      0 |      0 |     84 |   1 |  230.0 |
       Volcano |    485 |    485 |      0 |    202 |     99 |   1 |  485.0 |
               +--------+--------+--------+--------+--------+-----+--------+

Top non-repeatable levels by time:
 Snake:1: 2938 daAuts
 Swamp:1: 2184 daAuts
 Swamp:4: 2039 daAuts
  Lair:1: 1852 daAuts
 Snake:2: 1851 daAuts
 Snake:3: 1825 daAuts
 Swamp:3: 1710 daAuts
  Lair:3: 1680 daAuts
     D:2: 1668 daAuts
  Lair:5: 1591 daAuts
    D:15: 1514 daAuts
 Snake:4: 1498 daAuts
   Orc:2: 1484 daAuts
    D:12: 1394 daAuts
 Swamp:2: 1358 daAuts
